 Dungeon Crawl Stone Soup version 0.18.1-6-gd335043 (webtiles) character file.

747 mopl the Reanimator (level 7, -1/46 HPs)
             Began as a Demonspawn Necromancer on May 20, 2016.
             Was a Believer of Makhleb.
             Slain by a giant frog (4 damage)
             ... on level 6 of the Dungeon.
             The game lasted 00:14:11 (5408 turns).

mopl the Reanimator (Demonspawn Necromancer)        Turns: 5408, Time: 00:14:12

Health: -1/46      AC:  3    Str:  8    XL:     7   Next: 48%
Magic:  10/13      EV: 12    Int: 18    God:    Makhleb [**....]
Gold:   243        SH:  0    Dex: 14    Spells: 5 memorised, 2 levels left

rFire  . . .     SeeInvis .     E - +0 quarterstaff
rCold  . . .     Gourm    .     s - +0 robe
rNeg   . . .     Faith    .     (shield currently unavailable)
rPois  .         Spirit   .     (helmet restricted)
rElec  .         Dismiss  .     (no cloak)
rCorr  .         Reflect  .     D - +0 pair of gloves
SustAt .         Harm     .     (no boots)
MR     .....                    (no amulet)
Stlth  +++.......               (no ring)
                                (no ring)

@: lethally poisoned (-1 -> -5), not resistant to hostile enchantments, fairly
stealthy
A: antennae 1, claws 1, nightstalker 1, powered by death 2
a: Minor Destruction, Renounce Religion


You were on level 6 of the Dungeon.
You worshipped Makhleb.
Makhleb was pleased with you.
You were not hungry.

You visited 1 branch of the dungeon, and saw 6 of its levels.
You also visited: Ossuary.

You collected 243 gold pieces.

Inventory:

Hand Weapons
 a - a +1 trident of venom
 b - a +0 blowgun
 C - a +0 rapier
 E - a +0 quarterstaff (weapon)
Missiles
 p - 7 javelins (quivered)
 t - 17 poisoned needles
Armour
 s - a +0 robe (worn)
 D - a +0 pair of gloves (worn)
 F - a +0 buckler
Jewellery
 q - an uncursed amulet of dismissal
Wands
 n - a wand of polymorph (17/24)
 v - a wand of random effects (8/48)
Scrolls
 f - 2 scrolls of fog
 j - a scroll of recharging {unknown}
 k - 2 scrolls of teleportation
 l - 5 scrolls of remove curse
 m - a scroll of enchant weapon {unknown}
 r - 9 scrolls of random uselessness {unknown}
 x - a scroll of fear {unknown}
 y - 2 scrolls of noise {unknown}
 A - a scroll of blinking
 B - a scroll of enchant armour {unknown}
 J - a scroll of immolation {unknown}
Potions
 e - 2 potions of might {unknown}
 g - 13 potions of curing
 h - a potion of heal wounds
 i - a potion of flight
 o - a potion of resistance
 w - 2 potions of lignification {unknown}
 z - a potion of ambrosia {unknown}
 H - 2 potions of mutation {unknown}
 I - a potion of brilliance {unknown}
Books
 u - a book of Necromancy

   Spells                             Type                      Level
   a - Pain                           Necromancy                   1
   b - Animate Skeleton               Necromancy                   1
   c - Vampiric Draining              Necromancy                   3
   d - Regeneration                   Charms/Necromancy            3
   e - Animate Dead                   Necromancy                   4
   f - Control Undead                 Necromancy                   4
Comestibles
 c - 4 bread rations
 d - 5 meat rations
 G - a fruit


   Skills:
 - Level 1.7 Dodging
 - Level 1.7 Stealth
 - Level 4.0 Spellcasting
 * Level 9.2 Necromancy


You had 2 spell levels left.
You knew the following spells:

 Your Spells              Type           Power        Failure   Level  Hunger
a - Pain                  Necr           ####         1%          1    None
b - Vampiric Draining     Necr           #####.....   1%          3    ###....
r - Regeneration          Chrm/Necr      ###.......   10%         3    ###....
x - Animate Skeleton      Necr           N/A          1%          1    None
C - Control Undead        Necr           #####.....   3%          4    ####...


Dungeon Overview and Level Annotations

Branches:
Dungeon (6/15)             Temple (0/1) D:4

Altars:
Cheibriados
Fedhas
Makhleb
Pakellas
Sif Muna


Innate Abilities, Weirdness & Mutations

You have a pair of small antennae on your head.
You have sharp fingernails.
You are slightly more attuned to the shadows.
You regenerate health from kills.


Message History

You feel sick.
There is a stone staircase leading down here.
You feel sick. The giant frog hits you. The water moccasin bites you.
* * * LOW HITPOINT WARNING * * *
You see here a hand axe.
You feel sick. The giant frog hits you!
* * * LOW HITPOINT WARNING * * *
* * * LOW HITPOINT WARNING * * *
You feel sick.
Casting: Vampiric Draining
Confirm with . or Enter, or press ? or * to list all spells.
Aiming: Vampiric Draining
Press: ? - help, Shift-Dir - straight line, f - giant frog
Aim: a giant frog (lightly wounded)
The giant frog is heavily wounded.
You feel life coursing into your body.
You feel sick. The giant frog hits you.
* * * LOW HITPOINT WARNING * * *
The giant frog hits you.
You die...

. ####### ###.#.##.#
#.##########.....# ##.#.##.#
##................# ##.#>.##<#
.........###.....######.###.#...
##..##.......#..........## ##.###
...###.......##.########.###..# #
.....#.......#..†########>#.#.###
............>).#.................
.............#.F@##############.#
.............##S## #.#
.............##.# #.#
#.....#########.# #.# ......# #.#
#.# ###.#.# #.# #.# ###.#(# ..#
#.# ......# #.# #.# ..W)..######
#.#


You could see a water moccasin and a giant frog.

Vanquished Creatures
  An ogre (D:4)
  A giant frog (D:6)
  A scorpion (D:5)
  A crimson imp (D:5)
  A hound (D:5)
  2 human zombies (Ossuary)
  A jelly (D:5)
  3 orc wizards
  3 big kobold zombies (Ossuary)
  4 mummies (Ossuary)
  A hound skeleton (D:6)
  A worker ant zombie (D:5)
  4 gnolls (D:6)
  2 adders
  4 oozes
  3 dart slugs
  7 giant geckos
  3 orcs
  7 giant cockroaches
  A gnoll zombie (Ossuary)
  6 hobgoblins
  7 jackals
  3 quokkas
  4 ball pythons
  A ball python zombie (D:5)
  5 bats
  4 giant newts
  9 goblins
  A hobgoblin zombie (Ossuary)
  9 kobolds
  A kobold zombie (Ossuary)
  5 rats
106 creatures vanquished.

Notes
Turn   | Place    | Note
--------------------------------------------------------------
     0 | D:1      | mopl the Demonspawn Necromancer began the quest for the Orb.
     0 | D:1      | Reached XP level 1. HP: 13/13 MP: 3/3
    21 | D:1      | Learned a level 1 spell: Animate Skeleton
   267 | D:1      | Gained mutation: You are slightly more attuned to the shadows. [demonic ancestry]
   267 | D:1      | Reached XP level 2. HP: 15/19 MP: 1/5
   507 | D:1      | Reached skill level 5 in Necromancy
  1014 | D:2      | Gained mutation: You regenerate a little health from kills. [demonic ancestry]
  1014 | D:2      | Reached XP level 3. HP: 21/24 MP: 2/6
  1093 | D:2      | Found a blossoming altar of Fedhas.
  1229 | D:2      | Learned a level 3 spell: Vampiric Draining
  1390 | D:2      | Found a burning altar of Makhleb.
  1390 | D:2      | Noticed a cacodemon
  1393 | D:2      | Noticed a ynoxinul
  1393 | D:2      | Noticed a ynoxinul
  1535 | D:2      | Became a worshipper of Makhleb the Destroyer
  1628 | D:2      | Found a deep blue altar of Sif Muna.
  2461 | D:3      | Gained mutation: You regenerate health from kills. [demonic ancestry]
  2461 | D:3      | Reached XP level 4. HP: 25/30 MP: 3/8
  2511 | D:3      | Found an oddly glowing altar of Pakellas.
  2931 | D:4      | Reached * piety under Makhleb
  3057 | D:4      | Reached skill level 3 in Spellcasting
  3057 | D:4      | Reached skill level 6 in Necromancy
  3086 | D:4      | Reached XP level 5. HP: 33/35 MP: 3/9
  3310 | D:4      | Noticed an ogre
  3392 | D:4      | Found a staircase to the Ecumenical Temple.
  3465 | D:4      | Killed an ogre
  3465 | D:4      | Reached skill level 7 in Necromancy
  3505 | D:4      | Found a snail-covered altar of Cheibriados.
  3629 | D:5      | Entered Level 5 of the Dungeon
  3667 | D:5      | Learned a level 4 spell: Control Undead
  3784 | D:5      | Gained mutation: You have sharp fingernails. [demonic ancestry]
  3784 | D:5      | Reached XP level 6. HP: 39/41 MP: 7/11
  3850 | D:5      | Learned a level 3 spell: Regeneration
  4053 | D:5      | Reached skill level 4 in Spellcasting
  4105 | D:5      | Reached ** piety under Makhleb
  4667 | D:6      | Reached skill level 8 in Necromancy
  4667 | D:6      | Gained mutation: You have a pair of small antennae on your head. [demonic ancestry]
  4667 | D:6      | Reached XP level 7. HP: 41/46 MP: 13/13
  4687 | D:6      | Found a sand-covered staircase.
  4702 | Ossuary  | Entered an ossuary
  5047 | Ossuary  | Reached skill level 9 in Necromancy
  5407 | D:6      | HP: 2/46 [poisoned by a water moccasin]
  5408 | D:6      | Slain by a giant frog

Skill      XL: |  1  2  3  4  5  6  7 |
---------------+----------------------+-----
Necromancy     | 5 6 7 8 9 |  9.2
Spellcasting   | 3 4 |  4.0
Dodging        | |  1.7
Stealth        | |  1.7

Action                   |  1- 3 |  4- 6 |  7- 9 || total
-------------------------+-------+-------+-------++-------
Melee: Quarterstaff      |     3 |    46 |    65 ||   114
       Trident           |     1 |    69 |    64 ||   134
 Cast: Pain              |    86 |    31 |     3 ||   120
       Vampiric Draining |       |     2 |     5 ||     7
       Regeneration      |       |     5 |    10 ||    15
Evoke: Wand              |       |       |     6 ||     6
  Use: Scroll            |       |     6 |     2 ||     8
       Potion            |       |     1 |       ||     1
 Stab: Sleeping          |       |    11 |     8 ||    19
       Distracted        |       |       |     1 ||     1
  Eat: Chunk             |     5 |     7 |     1 ||    13
       Beef jerky        |       |     1 |       ||     1
       Fruit             |       |       |     3 ||     3
Armor: Robe              |       |    28 |    19 ||    47
Dodge: Dodged            |    10 |    72 |    67 ||   149
